 Dungeon Crawl Stone Soup version 0.30-a0-696-g2367cd04db (webtiles) character file.

Game seed: 1965880256373763537

621 Crownlay the Purveyor of Pain (level 7, -3/46 HPs)
             Began as a Demonspawn Necromancer on Jan 20, 2023.
             Was an Initiate of Kikubaaqudgha.
             Slain by Pikel
             ... wielding a +1 whip of electrocution
              (15 damage)
             ... on level 5 of the Dungeon.
             The game lasted 00:05:55 (3757 turns).

Crownlay the Purveyor of Pain (DsNe)                Turns: 3757, Time: 00:05:56

Health: -3/46      AC:  9    Str: 13    XL:     7   Next: 22%
Magic:  9/10       EV: 12    Int: 20    God:    Kikubaaqudgha [......]
Gold:   286        SH:  0    Dex: 14    Spells: 5/10 levels left

rFire   + . .      SeeInvis .    g - +8 rapier "Esaagen" {venom, rF+ Str+5}
rCold   . . .      Faith    .    (no shield)
rNeg    . . .      Spirit   .    a - +0 robe
rPois   .          Reflect  .    (no helmet)
rElec   .          Harm     .    (no cloak)
rCorr   .          Rampage  .    (no gloves)
Will    .....                    n - +2 pair of boots
Stlth   ++                       (no amulet)
HPRegen 0.27/turn                i - ring of flight
MPRegen 0.12/turn                p - +4 ring of protection

@: animating dead, flying
A: spiny 1, big brain 1, weakness stinger 2
a: Renounce Religion


You were on level 5 of the Dungeon.
You worshipped Kikubaaqudgha.
Kikubaaqudgha was noncommittal.
You visited 1 branch of the dungeon, and saw 5 of its levels.

You collected 286 gold pieces.

Inventory:

Hand Weapons
 g - the +8 rapier "Esaagen" (weapon) {venom, rF+ Str+5}
   (You found it on level 2 of the Dungeon)

   Str:       It affects your strength (+5).
   rF:        It protects you from fire.
Armour
 a - a +0 robe (worn)
 n - a +2 pair of boots (worn)
Jewellery
 i - a ring of flight (left hand)
 m - a ring of protection from fire
 o - a ring of protection from cold
 p - a +4 ring of protection (right hand)
 q - a +6 ring of dexterity
 t - an amulet of magic regeneration
Wands
 h - a wand of roots (5)
 u - a wand of flame (10)
Scrolls
 c - a scroll of magic mapping {unknown}
 d - 2 scrolls of enchant armour
 f - a scroll of blinking
 l - a scroll of immolation {unknown}
 s - 2 scrolls of enchant weapon {unknown}
 v - a scroll of fear {unknown}
 y - a scroll of teleportation {unknown}
Potions
 b - 4 potions of magic
 e - 2 potions of heal wounds
 k - a potion of degeneration {unknown}
 r - a potion of flight {unknown}
 w - a potion of cancellation {unknown}
 x - a potion of lignification {unknown}


   Skills:
 - Level 1.7 Dodging
 - Level 1.7 Stealth
 - Level 2.0 Spellcasting
 + Level 9.7 Necromancy


You had 5 spell levels left.
You knew the following spells:

 Your Spells              Type           Power      Damage    Failure   Level
a - Necrotise             Necr           100%       1d9       1%          1
b - Animate Dead          Necr           40%        N/A       3%          4

Your spell library contained the following spells:

 Spells                   Type           Power      Damage    Failure   Level
 Vampiric Draining        Necr           40%        2d8       1%          3
 Agony                    Necr           40%        N/A       9%          5
 Beastly Appendage        Tmut           4%         N/A       16%         1
 Wereblood                Tmut           2%         N/A       24%         2
 Spider Form              Tmut/Pois      2%         N/A       43%         3


Dungeon Overview and Level Annotations

Branches:
Dungeon (5/15)
 Temple: D:4-7

Altars:
Ashenzari
Kikubaaqudgha
Nemelex Xobeh
Uskayaw

Annotations:
D:5 Pikel, Prince Ribbit


Innate Abilities, Weirdness & Mutations

You are partially covered in sharp spines.
You have an unusually large brain. (Int +2)
You have a tail ending in a sharp stinger.


Message History

The iguana is severely wounded.
You kill the iguana!
Kikubaaqudgha accepts your kill.
No target in view!
s - 2 scrolls labelled TOVVAI USHRO (gained 1)
A lemure comes into view.
The lemure shouts!
Pikel, Merchant of Souls comes into view.
He is wielding a +1 whip of electrocution.
A lemure comes into view.
A lemure comes into view.
The lemure closely misses you.
The lemure moves out of view.
You hit the lemure.
The lemure is poisoned.
The lemure is lightly wounded.
The lemure closely misses you.
The lemure shouts!
You puncture the lemure!
The lemure looks as sick as possible!
Your tail-slap misses the lemure.
The lemure is heavily wounded.
A lemure comes into view.
The lemure shouts!
You puncture Pikel!
Your tail-slap misses Pikel.
You punch Pikel, but do no damage.
Pikel is moderately wounded.
You puncture Pikel!
Pikel is heavily wounded.
Pikel hits you with a +1 whip of electrocution!
You hit Pikel.
Pikel is heavily wounded.
Pikel cracks his whip.
Pikel hits you with a +1 whip of electrocution.
You are electrocuted!
Pikel hits you with a +1 whip of electrocution.
* * * LOW HITPOINT WARNING * * *
You are too injured to fight recklessly!
You are too injured to fight recklessly!
You hit Pikel but do no damage.
Pikel is poisoned.
Your tail-slap misses Pikel.
Pikel is heavily wounded.
Pikel hits you but does no damage.
You are electrocuted!
You die...
Kikubaaqudgha rasps: "You have failed me!
Welcome... death!"

... .. #.. #. ###.
#. (... 5## 55# #5#
#.# #K# #.. #@#
#Z### #...####
####....#.##
#...........
#.....###### #####
#.....#########....
#......>........###
#.....###########


You could see Pikel (very poisoned), 4 lemures and a friendly iguana zombie.

Vanquished Creatures
  Sigmund (D:4)
  Eustachio (D:4)
  4 jellies
  3 iguanas (D:5)
  4 adders
  5 worms
  2 dart slugs
  An orc (D:4)
  11 endoplasms
  4 giant cockroaches
  4 goblins
  4 hobgoblins
  3 jackals (D:1)
  2 quokkas
  4 ball pythons
  8 bats
  5 frilled lizards
  7 kobolds
  12 rats
85 creatures vanquished.

Vanquished Creatures (collateral kills)
  A kobold (D:3)
  A rat (D:3)
2 creatures vanquished.

Vanquished Creatures (others)
  12 fungi (D:3)
  5 toadstools (D:3)
17 creatures vanquished.

Grand Total: 104 creatures vanquished

Notes
Turn   | Place    | Note
-------+----------+-------------------------------------------
     0 | D:1      | Crownlay the Demonspawn Necromancer began the quest for the
                  | Orb.
     0 | D:1      | Reached XP level 1. HP: 13/13 MP: 3/3
     1 | D:1      | Found a runed translucent door.
   370 | D:1      | Gained mutation: You are partially covered in sharp spines.
                  | [demonic ancestry]
   370 | D:1      | Reached XP level 2. HP: 19/19 MP: 3/5
   376 | D:1      | Reached skill level 5 in Necromancy
  1267 | D:2      | Identified the +8 rapier "Esaagen" {venom, rF+ Str+5}
  1283 | D:2      | Reached XP level 3. HP: 24/24 MP: 2/6
  2242 | D:3      | Reached skill level 6 in Necromancy
  2346 | D:3      | Gained mutation: You have an unusually large brain. (Int
                  | +2) [demonic ancestry]
  2346 | D:3      | Reached XP level 4. HP: 30/30 MP: 4/7
  2370 | D:3      | Reached skill level 7 in Necromancy
  2370 | D:3      | Reached XP level 5. HP: 17/35 MP: 0/8
  2506 | D:3      | Learned a level 4 spell: Animate Dead
  2823 | D:3      | Found a hide-covered altar of Uskayaw.
  2845 | D:3      | Found a broken altar of Ashenzari.
  2953 | D:4      | Noticed Eustachio
  2962 | D:4      | Killed Eustachio
  2963 | D:4      | Reached skill level 8 in Necromancy
  2963 | D:4      | Gained mutation: You have a small tail. [demonic ancestry]
  2963 | D:4      | Reached XP level 6. HP: 28/41 MP: 9/9
  3002 | D:4      | Noticed Sigmund
  3011 | D:4      | Killed Sigmund
  3012 | D:4      | Reached skill level 9 in Necromancy
  3056 | D:4      | Found a sparkling altar of Nemelex Xobeh.
  3093 | D:4      | Gained mutation: You have a tail ending in a sharp stinger.
                  | [demonic ancestry]
  3093 | D:4      | Reached XP level 7. HP: 46/46 MP: 7/10
  3596 | D:5      | Entered Level 5 of the Dungeon
  3613 | D:5      | Found an ancient bone altar of Kikubaaqudgha.
  3626 | D:5      | Became a worshipper of Kikubaaqudgha
  3685 | D:5      | Noticed Prince Ribbit
  3749 | D:5      | Noticed Pikel
  3757 | D:5      | Slain by Pikel

Illustrated notes

Levels and vault maps discovered:
D:1:      dpeg_arrival_caged_fury, layout_basic
D:2:      layout_loops_ring, kennysheep_boxes
D:3:      cheibrodos_fertilizer, layout_rooms, nicolae_uskayaw_dance_hall,
          mainiacjoe_overflow_alcove_2
D:4:      layout_cave_pools, nemelex_xobeh_ov_fountains_minmay, uniq_sigmund,
          uniq_eustachio
D:5:      layout_rooms, kiku_gazebo_pond_becter, kennysheep_cluttered_room,
          uniq_pikel, uniq_menkaure, uniq_prince_ribbit1

Skill      XL: |  1  2  3  4  5  6 |
---------------+-------------------+-----
Necromancy     | 5 6 7 8 9 |  9.7
Dodging        | |  1.7
Stealth        | |  1.7
Spellcasting   | |  2.0

Action                   |  1- 3 |  4- 6 |  7- 9 || total
-------------------------+-------+-------+-------++-------
Melee: Dagger            |     3 |       |       ||     3
       Rapier            |     7 |    30 |    16 ||    53
       Tailslap          |       |     1 |     1 ||     2
       Punch             |       |       |     1 ||     1
 Cast: Necrotise         |    69 |    22 |    12 ||   103
       Animate Dead      |       |       |     1 ||     1
  Use: Scroll            |       |       |     5 ||     5
 Stab: Sleeping          |     1 |     1 |       ||     2
Armor: Robe              |     7 |    16 |     3 ||    26
Dodge: Dodged            |     9 |    28 |    11 ||    48

Table legend: (Time is in decaauts)
 A = Elapsed time spent in this place.
 B = Non-inter-level travel time spent in this place.
 C = Inter-level travel time spent in this place.
 D = Time resting spent in this place.
 E = Time spent auto-exploring this place.
 F = Levels seen in this place.
 G = Mean time per level.
                   A        B        C        D        E       F      G
               +--------+--------+--------+--------+--------+-----+--------+
         Total |   3764 |   3607 |    157 |      0 |   3088 |   5 |  752.8 |
       Dungeon |   3764 |   3607 |    157 |      0 |   3088 |   5 |  752.8 |
               +--------+--------+--------+--------+--------+-----+--------+

Top non-repeatable levels by time:
     D:1: 1128 daAuts
     D:2: 1032 daAuts
     D:3: 796 daAuts
     D:4: 644 daAuts
     D:5: 163 daAuts
